General information
- name: BNet
- type: Ladder team game (AT/RT)
- host: Battle.net
- saver: TIMG4STRok
map: Friends
- players: 8
- length: 52:54
- speed: Fast
- version: 1.24 W3XP
- replay type:

» download(537 KB)
Players
team 1 (loser)
4HumansOnly (
red | 129 APM | 5449 actions | 42:07)
5 Paladin
3 Holy Light
2 Divine Shield
2 Pandaren Brewmaster
1 Drunken Haze
1 Breath of Fire
1 Blood Mage
1 Siphon Mana
» actions
| Assign group hotkey | 279 | |
| Basic commands | 218 | |
| Build / train | 100 | |
| ESC pressed | 1 | |
| Enter build submenu | 35 | |
| Enter hero's abilities submenu | 8 | |
| Give item / drop item | 4 | |
| Remove unit from queue | 2 | |
| Right click | 1447 | |
| Select / deselect | 1168 | |
| Select group hotkey | 2035 | |
| Use ability | 152 | |
5449 total
» units
| Peasant | 24 | |
| Footman | 3 | |
| Rifleman | 5 | |
| Mortar Team | 9 | |
| Siege Engine | 25 | |
| Flying Machine | 2 | |
68 total
» upgrades
| Lumber Harvesting | 1 | |
| Fragmentation Shards | 1 | |
| Barrage | 2 | |
| Gunpowder | 3 | |
7 total
» buildings
| Altar of Kings | 1 | |
| Farm | 16 | |
| Barracks | 1 | |
| Lumber Mill | 1 | |
| Blacksmith | 1 | |
| Arcane Vault | 2 | |
| Scout Tower | 3 | |
| Arcane Tower | 1 | |
| Guard Tower | 1 | |
| Keep | 1 | |
| Castle | 1 | |
| Workshop | 6 | |
35 total
» build order
00:08 Altar of Kings
00:10 Farm
00:26 Barracks
00:53 Farm
01:30 Lumber Mill
02:29 Blacksmith
04:21 Arcane Vault
05:06 Farm
06:10 Scout Tower
06:41 Arcane Tower
07:33 Scout Tower
07:35 Scout Tower
08:02 Guard Tower
08:25 Farm
08:26 Farm
09:31 Farm
10:27 Keep
10:58 Arcane Vault
12:49 Castle
14:25 Workshop
16:58 Workshop
20:08 Workshop
20:15 Workshop
20:17 Workshop
20:21 Workshop
22:02 Farm
22:06 Farm
22:07 Farm
22:28 Farm
24:26 Farm
24:29 Farm
24:31 Farm
38:07 Farm
38:07 Farm
38:07 Farm
» items
| Lesser Clarity Potion | 6 | |
| Scroll of Regeneration | 1 | |
| Staff of Sanctuary | 1 | |
| Scroll of Town Portal | 1 | |
9 total
Fable- (
blue | 134 APM | 2482 actions | 18:28)
3 Pandaren Brewmaster
2 Breath of Fire
1 Drunken Haze
» actions
| Assign group hotkey | 198 | |
| Basic commands | 57 | |
| Build / train | 69 | |
| ESC pressed | 1 | |
| Enter build submenu | 18 | |
| Enter hero's abilities submenu | 3 | |
| Remove unit from queue | 1 | |
| Right click | 1032 | |
| Select / deselect | 278 | |
| Select group hotkey | 759 | |
| Use ability | 66 | |
2482 total
» units
| Wisp | 13 | |
| Huntress | 4 | |
| Hippogryph | 2 | |
| Chimaera | 8 | |
27 total
» upgrades
| Ultravision | 1 | |
| Strength of the Wild | 3 | |
| Well Spring | 1 | |
| Corrosive Breath | 1 | |
| Backpack | 1 | |
7 total
» buildings
| Altar of Elders | 2 | |
| Moon Well | 6 | |
| Ancient of War | 1 | |
| Hunter's Hall | 1 | |
| Tree of Ages | 4 | |
| Ancient of Wonders | 1 | |
| Ancient of Wind | 1 | |
| Tree of Eternity | 3 | |
| Chimaera Roost | 4 | |
23 total
» build order
00:03 Altar of Elders
00:23 Moon Well
01:15 Altar of Elders
01:45 Ancient of War
01:47 Hunter's Hall
02:04 Moon Well
02:41 Moon Well
03:33 Tree of Ages
03:33 Tree of Ages
03:34 Tree of Ages
04:58 Ancient of Wonders
06:12 Ancient of Wind
06:26 Tree of Eternity
06:26 Tree of Eternity
06:27 Tree of Eternity
07:11 Moon Well
08:51 Chimaera Roost
08:53 Chimaera Roost
08:55 Chimaera Roost
09:00 Chimaera Roost
13:01 Moon Well
15:01 Moon Well
» items
| Healing Salve | 1 | |
| Lesser Clarity Potion | 2 | |
| Scroll of Speed | 1 | |
| Moonstone | 1 | |
| Potion of Healing | 3 | |
| Potion of Mana | 2 | |
10 total
klerik (
yellow | 89 APM | 3728 actions | 42:06)
6 Death Knight
3 Death Coil
1 Unholy Aura
1 Death Pact
1 Animate Dead
6 Pit Lord
3 Rain of Fire
2 Cleaving Attack
1 Doom
» actions
| Assign group hotkey | 75 | |
| Basic commands | 186 | |
| Build / train | 124 | |
| ESC pressed | 3 | |
| Enter build submenu | 36 | |
| Enter hero's abilities submenu | 12 | |
| Give item / drop item | 2 | |
| Remove unit from queue | 2 | |
| Right click | 1334 | |
| Select / deselect | 519 | |
| Select group hotkey | 1216 | |
| Use ability | 219 | |
3728 total
» units
| Acolyte | 20 | |
| Ghoul | 3 | |
| Crypt Fiend | 6 | |
| Meatwagon | 3 | |
| Frost Wyrm | 15 | |
| Obsidian Statue | 11 | |
| Goblin Shredder | 1 | |
| Goblin Zeppelin | 1 | |
| Gargoyle | 6 | |
66 total
» upgrades
| Burrow | 1 | |
| Web | 1 | |
| Destroyer Form | 2 | |
| Disease Cloud | 1 | |
| Freezing Breath | 1 | |
| Creature Carapace | 1 | |
7 total
» buildings
| Altar of Darkness | 1 | |
| Ziggurat | 21 | |
| Crypt | 1 | |
| Tomb of Relics | 2 | |
| Graveyard | 1 | |
| Nerubian Tower | 1 | |
| Halls of the Dead | 1 | |
| Spirit Tower | 15 | |
| Black Citadel | 2 | |
| Slaughterhouse | 1 | |
| Sacrificial Pit | 1 | |
| Boneyard | 1 | |
| Necropolis | 3 | |
51 total
» build order
00:09 Altar of Darkness
00:11 Ziggurat
00:28 Crypt
00:44 Tomb of Relics
01:09 Graveyard
01:32 Ziggurat
01:58 Nerubian Tower
03:22 Halls of the Dead
04:28 Ziggurat
04:44 Ziggurat
04:45 Spirit Tower
05:41 Spirit Tower
06:17 Black Citadel
06:34 Slaughterhouse
07:08 Sacrificial Pit
07:22 Spirit Tower
08:40 Boneyard
09:37 Ziggurat
10:12 Ziggurat
10:14 Ziggurat
14:27 Ziggurat
19:43 Necropolis
21:08 Ziggurat
21:11 Tomb of Relics
21:16 Ziggurat
21:19 Ziggurat
22:08 Spirit Tower
22:08 Spirit Tower
22:37 Spirit Tower
22:37 Spirit Tower
22:37 Spirit Tower
25:47 Necropolis
26:36 Necropolis
38:23 Ziggurat
38:24 Ziggurat
39:09 Ziggurat
39:11 Ziggurat
39:19 Spirit Tower
39:20 Spirit Tower
39:23 Ziggurat
39:27 Ziggurat
39:29 Ziggurat
39:30 Ziggurat
39:33 Ziggurat
39:34 Ziggurat
40:50 Spirit Tower
41:52 Spirit Tower
» items
| Rod of Necromancy | 2 | |
| Dust of Appearance | 2 | |
| Healing Salve | 1 | |
| Potion of Mana | 1 | |
| Orb of Corruption | 1 | |
| Scroll of Town Portal | 1 | |
| Potion of Healing | 1 | |
| Sacrificial Skull | 3 | |
12 total
SToP-NaP (
teal | 121 APM | 6414 actions | 52:53)
7 Blademaster
3 Wind Walk
3 Critical Strike
1 Bladestorm
» actions
| Assign group hotkey | 350 | |
| Basic commands | 518 | |
| Build / train | 140 | |
| ESC pressed | 24 | |
| Enter build submenu | 62 | |
| Enter hero's abilities submenu | 7 | |
| Remove unit from queue | 6 | |
| Right click | 2396 | |
| Select / deselect | 675 | |
| Select group hotkey | 1842 | |
| Use ability | 394 | |
6414 total
» units
| Peon | 7 | |
| Grunt | 3 | |
| Demolisher | 6 | |
| Troll Witch Doctor | 3 | |
| Shaman | 4 | |
| Troll Batrider | 31 | |
| Chimaera | 8 | |
62 total
» upgrades
| Berserker Strength | 1 | |
| Witch Doctor Training | 2 | |
| Shaman Training | 2 | |
| Armor | 2 | |
| Ranged Weapons | 2 | |
| Burning Oil | 1 | |
| Reinforced Defenses | 1 | |
| Liquid Fire | 1 | |
| Reinforced Hides | 1 | |
13 total
» buildings
| Altar of Storms | 1 | |
| Orc Burrow | 6 | |
| Voodoo Lounge | 1 | |
| Barracks | 1 | |
| War Mill | 1 | |
| Stronghold | 3 | |
| Spirit Lodge | 2 | |
| Fortress | 2 | |
| Beastiary | 2 | |
| Moon Well | 3 | |
| Watch Tower | 17 | |
| Ziggurat | 40 | |
| Spirit Tower | 11 | |
| Scout Tower | 9 | |
| Tree of Life | 1 | |
| Necropolis | 3 | |
| Nerubian Tower | 1 | |
104 total
» build order
00:08 Altar of Storms
00:20 Orc Burrow
01:06 Voodoo Lounge
02:13 Barracks
02:19 Orc Burrow
03:05 War Mill
03:35 Stronghold
03:35 Stronghold
06:23 Spirit Lodge
06:26 Orc Burrow
06:28 Orc Burrow
06:46 Spirit Lodge
07:36 Fortress
07:37 Fortress
09:25 Orc Burrow
14:29 Orc Burrow
16:37 Beastiary
17:22 Beastiary
30:07 Moon Well
30:09 Moon Well
35:30 Moon Well
38:54 Watch Tower
38:55 Watch Tower
38:57 Watch Tower
38:58 Watch Tower
38:59 Watch Tower
39:02 Watch Tower
39:19 Watch Tower
39:20 Watch Tower
39:21 Watch Tower
39:22 Watch Tower
39:22 Watch Tower
39:26 Watch Tower
42:00 Watch Tower
42:01 Watch Tower
42:02 Watch Tower
42:03 Watch Tower
42:04 Watch Tower
42:29 Ziggurat
42:31 Ziggurat
42:33 Ziggurat
42:34 Ziggurat
42:35 Ziggurat
42:36 Ziggurat
42:37 Ziggurat
42:39 Ziggurat
42:40 Ziggurat
42:42 Ziggurat
42:43 Ziggurat
42:44 Ziggurat
42:46 Ziggurat
42:50 Ziggurat
43:00 Spirit Tower
43:01 Spirit Tower
43:05 Ziggurat
43:06 Ziggurat
43:07 Ziggurat
43:09 Ziggurat
43:10 Ziggurat
43:11 Ziggurat
43:12 Ziggurat
43:14 Ziggurat
43:24 Ziggurat
43:25 Ziggurat
43:26 Ziggurat
43:27 Ziggurat
43:29 Ziggurat
43:30 Ziggurat
43:31 Ziggurat
43:35 Ziggurat
43:53 Spirit Tower
44:17 Spirit Tower
44:24 Spirit Tower
44:51 Spirit Tower
44:58 Spirit Tower
45:23 Scout Tower
45:25 Scout Tower
45:27 Scout Tower
45:29 Scout Tower
45:31 Scout Tower
45:32 Scout Tower
45:33 Scout Tower
45:34 Scout Tower
45:35 Scout Tower
45:49 Ziggurat
45:51 Ziggurat
45:52 Ziggurat
45:53 Ziggurat
46:00 Spirit Tower
46:00 Spirit Tower
46:38 Ziggurat
46:41 Ziggurat
46:43 Ziggurat
46:49 Ziggurat
46:51 Ziggurat
46:54 Ziggurat
47:37 Tree of Life
48:54 Necropolis
49:24 Nerubian Tower
50:47 Necropolis
51:13 Necropolis
» items
| Healing Salve | 2 | |
| Lesser Clarity Potion | 3 | |
| Orb of Lightning | 1 | |
| Scroll of Town Portal | 1 | |
| Scroll of Resurrection | 1 | |
8 total
team 2 (winner)
BATS- (
purple | 62 APM | 3274 actions | 52:53)
7 Blademaster
3 Wind Walk
3 Critical Strike
1 Bladestorm
7 Shadow Hunter
3 Hex
3 Healing Wave
1 Big Bad Voodoo
6 Tauren Chieftain
3 War Stomp
2 Endurance Aura
1 Reincarnation
» actions
| Assign group hotkey | 142 | |
| Basic commands | 35 | |
| Build / train | 113 | |
| Enter build submenu | 76 | |
| Enter hero's abilities submenu | 20 | |
| Give item / drop item | 4 | |
| Right click | 1145 | |
| Select / deselect | 573 | |
| Select group hotkey | 919 | |
| Use ability | 246 | |
3274 total
» units
| Peon | 19 | |
| Wind Rider | 6 | |
| Troll Batrider | 11 | |
| Raider | 4 | |
| Goblin Shredder | 1 | |
| Goblin Zeppelin | 2 | |
43 total
» upgrades
| Reinforced Defenses | 1 | |
| Envenomed Spears | 1 | |
| Ensnare | 1 | |
| Ranged Weapons | 3 | |
| Armor | 3 | |
| Melee Weapons | 1 | |
| Spiked Barricades | 2 | |
12 total
» buildings
| Altar of Storms | 1 | |
| Orc Burrow | 8 | |
| Voodoo Lounge | 4 | |
| War Mill | 2 | |
| Watch Tower | 46 | |
| Stronghold | 1 | |
| Fortress | 1 | |
| Beastiary | 2 | |
| Great Hall | 1 | |
66 total
» build order
00:09 Altar of Storms
00:20 Orc Burrow
01:05 Voodoo Lounge
01:35 War Mill
02:49 Watch Tower
02:52 Watch Tower
03:30 Stronghold
03:34 Orc Burrow
03:36 Orc Burrow
03:39 Orc Burrow
03:45 Watch Tower
05:04 Watch Tower
05:57 Fortress
06:10 Watch Tower
07:31 Beastiary
07:33 Beastiary
11:26 Voodoo Lounge
16:41 Orc Burrow
16:43 Orc Burrow
16:44 Orc Burrow
16:46 Orc Burrow
16:47 Watch Tower
16:48 Watch Tower
16:49 Watch Tower
16:52 Watch Tower
16:54 Watch Tower
16:56 Watch Tower
16:58 Watch Tower
23:09 Watch Tower
23:10 Watch Tower
24:19 War Mill
24:21 Voodoo Lounge
25:53 Voodoo Lounge
25:55 Watch Tower
26:58 Watch Tower
26:59 Watch Tower
27:40 Watch Tower
27:43 Watch Tower
27:52 Great Hall
29:12 Watch Tower
29:13 Watch Tower
30:14 Watch Tower
30:15 Watch Tower
31:26 Watch Tower
31:27 Watch Tower
32:53 Watch Tower
32:54 Watch Tower
34:03 Watch Tower
34:05 Watch Tower
35:15 Watch Tower
35:18 Watch Tower
35:56 Watch Tower
36:28 Watch Tower
37:03 Watch Tower
37:33 Watch Tower
37:45 Watch Tower
38:47 Watch Tower
39:27 Watch Tower
40:02 Watch Tower
41:38 Watch Tower
41:40 Watch Tower
42:07 Watch Tower
43:07 Watch Tower
44:07 Watch Tower
44:38 Watch Tower
45:59 Watch Tower
» items
| Lesser Clarity Potion | 10 | |
| Scroll of Speed | 2 | |
| Healing Salve | 6 | |
| Orb of Lightning | 2 | |
| Scroll of Town Portal | 4 | |
| Tiny Great Hall | 2 | |
| Scourge Bone Chimes | 1 | |
| Boots of Quel'Thalas +6 | 1 | |
| Potion of Healing | 1 | |
| Robe of the Magi +6 | 1 | |
| Mana Stone | 1 | |
31 total
Often-a-bird (
pink | 146 APM | 7701 actions | 52:53)
8 Pandaren Brewmaster
3 Breath of Fire
3 Drunken Haze
1 Storm Earth and Fire
1 Drunken Brawler
» actions
| Assign group hotkey | 1232 | |
| Basic commands | 42 | |
| Build / train | 326 | |
| Enter build submenu | 169 | |
| Enter hero's abilities submenu | 8 | |
| Give item / drop item | 7 | |
| Right click | 3849 | |
| Select / deselect | 1377 | |
| Select group hotkey | 12 | |
| Use ability | 676 | |
7701 total
» units
» upgrades
| Masonry | 3 | |
| Lumber Harvesting | 2 | |
| Magic Sentry | 1 | |
6 total
» buildings
| Altar of Kings | 2 | |
| Farm | 6 | |
| Blacksmith | 2 | |
| Lumber Mill | 2 | |
| Scout Tower | 223 | |
| Arcane Tower | 6 | |
| Guard Tower | 189 | |
| Keep | 1 | |
| Arcane Vault | 1 | |
| Town Hall | 3 | |
| Castle | 2 | |
| Arcane Sanctum | 1 | |
438 total
» build order
00:03 Altar of Kings
00:04 Altar of Kings
00:32 Farm
00:37 Blacksmith
00:40 Lumber Mill
00:53 Scout Tower
01:37 Arcane Tower
01:38 Arcane Tower
01:50 Scout Tower
02:04 Farm
02:22 Scout Tower
02:29 Scout Tower
02:30 Guard Tower
02:31 Guard Tower
02:39 Scout Tower
02:42 Farm
02:51 Arcane Tower
02:52 Scout Tower
03:17 Guard Tower
03:18 Guard Tower
03:18 Scout Tower
03:19 Scout Tower
03:20 Scout Tower
03:40 Guard Tower
03:41 Guard Tower
03:42 Arcane Tower
03:56 Scout Tower
04:01 Guard Tower
04:07 Scout Tower
04:11 Scout Tower
04:12 Scout Tower
04:12 Scout Tower
04:28 Guard Tower
04:29 Guard Tower
04:37 Guard Tower
04:37 Guard Tower
04:40 Scout Tower
04:41 Scout Tower
04:41 Scout Tower
05:11 Guard Tower
05:11 Guard Tower
05:11 Guard Tower
05:15 Scout Tower
05:15 Scout Tower
05:19 Scout Tower
05:20 Scout Tower
05:20 Scout Tower
05:20 Scout Tower
05:23 Guard Tower
05:23 Guard Tower
05:29 Guard Tower
05:29 Guard Tower
05:38 Scout Tower
05:39 Scout Tower
05:40 Scout Tower
05:41 Scout Tower
05:41 Scout Tower
05:42 Scout Tower
05:43 Scout Tower
05:43 Scout Tower
05:54 Guard Tower
06:12 Scout Tower
06:13 Scout Tower
06:18 Scout Tower
06:19 Scout Tower
06:38 Scout Tower
06:38 Guard Tower
06:39 Guard Tower
06:40 Scout Tower
06:40 Scout Tower
06:41 Guard Tower
06:49 Guard Tower
07:06 Scout Tower
07:07 Scout Tower
07:07 Scout Tower
07:08 Scout Tower
07:08 Scout Tower
07:23 Guard Tower
07:33 Guard Tower
07:34 Guard Tower
07:42 Guard Tower
07:42 Guard Tower
07:48 Guard Tower
07:50 Guard Tower
07:55 Farm
08:02 Guard Tower
08:09 Guard Tower
08:10 Guard Tower
08:12 Guard Tower
08:16 Guard Tower
08:16 Guard Tower
08:16 Guard Tower
08:28 Scout Tower
08:30 Scout Tower
08:52 Scout Tower
08:53 Scout Tower
08:54 Scout Tower
08:54 Scout Tower
08:56 Scout Tower
08:56 Scout Tower
08:57 Scout Tower
08:57 Scout Tower
08:59 Scout Tower
08:59 Scout Tower
09:00 Scout Tower
09:01 Scout Tower
09:03 Guard Tower
09:03 Guard Tower
09:20 Scout Tower
09:21 Scout Tower
09:21 Scout Tower
09:21 Scout Tower
09:22 Scout Tower
09:23 Scout Tower
09:31 Scout Tower
09:32 Scout Tower
09:32 Scout Tower
10:01 Keep
10:10 Guard Tower
10:10 Guard Tower
10:13 Guard Tower
10:14 Guard Tower
10:33 Arcane Vault
11:30 Scout Tower
11:31 Scout Tower
11:52 Guard Tower
11:52 Guard Tower
11:53 Scout Tower
11:54 Scout Tower
11:54 Scout Tower
12:00 Scout Tower
12:00 Scout Tower
12:01 Scout Tower
12:01 Scout Tower
12:03 Guard Tower
12:03 Guard Tower
12:04 Guard Tower
12:05 Guard Tower
12:30 Guard Tower
12:30 Guard Tower
12:48 Guard Tower
12:48 Guard Tower
12:50 Guard Tower
12:50 Guard Tower
13:39 Guard Tower
14:27 Town Hall
14:50 Scout Tower
14:51 Scout Tower
14:57 Guard Tower
15:44 Guard Tower
15:44 Guard Tower
16:20 Scout Tower
16:21 Scout Tower
16:21 Scout Tower
16:22 Scout Tower
16:31 Scout Tower
16:31 Scout Tower
16:33 Scout Tower
16:39 Scout Tower
16:40 Scout Tower
16:40 Scout Tower
16:40 Scout Tower
16:45 Castle
16:48 Scout Tower
17:11 Scout Tower
17:12 Scout Tower
17:12 Scout Tower
17:27 Scout Tower
17:29 Scout Tower
17:29 Guard Tower
17:31 Scout Tower
17:32 Scout Tower
17:42 Guard Tower
17:42 Guard Tower
17:53 Guard Tower
17:53 Guard Tower
17:58 Guard Tower
17:58 Guard Tower
17:58 Guard Tower
18:07 Guard Tower
18:07 Guard Tower
18:07 Guard Tower
18:21 Guard Tower
18:21 Guard Tower
18:22 Guard Tower
18:54 Scout Tower
18:55 Scout Tower
19:35 Guard Tower
19:55 Guard Tower
19:56 Guard Tower
20:49 Scout Tower
21:13 Scout Tower
21:15 Scout Tower
21:16 Guard Tower
22:53 Guard Tower
22:53 Guard Tower
23:56 Arcane Sanctum
24:03 Scout Tower
24:04 Scout Tower
24:05 Scout Tower
24:07 Scout Tower
24:07 Scout Tower
24:08 Scout Tower
24:12 Scout Tower
24:13 Scout Tower
24:14 Scout Tower
24:15 Scout Tower
24:16 Scout Tower
24:18 Guard Tower
24:18 Guard Tower
24:28 Town Hall
24:30 Scout Tower
24:31 Scout Tower
24:33 Guard Tower
24:33 Guard Tower
24:33 Guard Tower
24:42 Guard Tower
24:42 Guard Tower
24:52 Guard Tower
24:52 Guard Tower
24:58 Guard Tower
25:24 Guard Tower
25:41 Guard Tower
25:41 Guard Tower
25:53 Guard Tower
25:54 Guard Tower
26:58 Scout Tower
26:59 Scout Tower
26:59 Scout Tower
27:00 Scout Tower
27:01 Scout Tower
27:15 Lumber Mill
28:07 Scout Tower
28:07 Scout Tower
28:09 Scout Tower
28:09 Scout Tower
28:11 Scout Tower
28:11 Scout Tower
28:18 Scout Tower
28:19 Scout Tower
28:19 Scout Tower
28:36 Guard Tower
28:51 Guard Tower
28:51 Guard Tower
28:54 Guard Tower
28:54 Guard Tower
28:57 Scout Tower
28:57 Scout Tower
28:58 Scout Tower
28:58 Scout Tower
28:59 Scout Tower
29:00 Scout Tower
29:00 Scout Tower
29:01 Scout Tower
29:02 Scout Tower
29:03 Scout Tower
29:12 Farm
29:20 Guard Tower
29:20 Guard Tower
29:44 Guard Tower
29:44 Guard Tower
29:44 Guard Tower
30:09 Guard Tower
30:09 Guard Tower
30:11 Guard Tower
30:11 Guard Tower
30:12 Scout Tower
30:12 Scout Tower
30:13 Scout Tower
30:13 Scout Tower
30:17 Scout Tower
30:17 Scout Tower
30:18 Scout Tower
30:30 Guard Tower
30:30 Guard Tower
31:41 Scout Tower
31:41 Scout Tower
31:42 Scout Tower
31:42 Scout Tower
31:43 Scout Tower
31:43 Scout Tower
31:50 Guard Tower
31:51 Scout Tower
31:51 Scout Tower
31:51 Scout Tower
32:01 Guard Tower
32:02 Scout Tower
32:02 Scout Tower
32:19 Guard Tower
32:19 Guard Tower
32:33 Guard Tower
32:35 Scout Tower
32:38 Guard Tower
32:38 Guard Tower
32:40 Guard Tower
32:42 Scout Tower
32:43 Scout Tower
32:43 Scout Tower
32:44 Scout Tower
32:45 Scout Tower
32:47 Scout Tower
33:56 Guard Tower
34:32 Guard Tower
34:37 Guard Tower
34:38 Guard Tower
34:48 Scout Tower
34:49 Scout Tower
34:50 Scout Tower
34:59 Scout Tower
34:59 Scout Tower
35:00 Scout Tower
35:07 Scout Tower
35:07 Scout Tower
35:07 Scout Tower
35:09 Scout Tower
35:33 Scout Tower
35:33 Scout Tower
35:34 Scout Tower
35:34 Scout Tower
35:35 Scout Tower
35:36 Scout Tower
35:36 Scout Tower
35:37 Scout Tower
35:40 Scout Tower
35:41 Scout Tower
35:41 Scout Tower
35:43 Guard Tower
35:45 Scout Tower
35:46 Scout Tower
35:47 Scout Tower
35:51 Guard Tower
35:51 Guard Tower
36:03 Guard Tower
36:05 Scout Tower
36:06 Scout Tower
36:06 Scout Tower
36:08 Scout Tower
36:10 Scout Tower
36:10 Scout Tower
36:11 Scout Tower
36:15 Scout Tower
36:16 Scout Tower
36:28 Scout Tower
36:29 Scout Tower
36:29 Scout Tower
36:29 Scout Tower
36:40 Guard Tower
37:05 Guard Tower
37:41 Scout Tower
37:42 Scout Tower
37:42 Scout Tower
37:43 Scout Tower
38:42 Guard Tower
38:42 Guard Tower
38:57 Scout Tower
38:57 Scout Tower
38:58 Scout Tower
39:01 Scout Tower
39:01 Scout Tower
39:02 Scout Tower
39:02 Scout Tower
39:03 Scout Tower
39:04 Scout Tower
39:05 Scout Tower
39:05 Scout Tower
39:34 Guard Tower
39:34 Guard Tower
41:51 Scout Tower
41:51 Scout Tower
41:52 Scout Tower
41:52 Scout Tower
41:53 Scout Tower
42:15 Guard Tower
42:17 Town Hall
45:48 Guard Tower
45:51 Guard Tower
45:51 Guard Tower
48:42 Guard Tower
48:43 Blacksmith
48:55 Guard Tower
48:56 Guard Tower
50:46 Farm
» items
| Lesser Clarity Potion | 9 | |
| Scroll of Regeneration | 5 | |
| Potion of Healing | 6 | |
| Potion of Mana | 1 | |
| Scroll of Town Portal | 3 | |
| Belt of Giant Strength +6 | 1 | |
| Boots of Quel'Thalas +6 | 2 | |
| Mana Stone | 1 | |
| Sobi Mask | 2 | |
| Orb of Lightning | 1 | |
| Inferno Stone | 1 | |
| Healing Salve | 1 | |
| Potion of Divinity | 1 | |
34 total
Q-veta (
orange | 81 APM | 4263 actions | 52:53)
10 Warden
3 Shadow Strike
3 Blink
1 Spirit of Vengeance
3 Fan of Knives
» actions
| Assign group hotkey | 74 | |
| Basic commands | 143 | |
| Build / train | 98 | |
| ESC pressed | 1 | |
| Enter build submenu | 29 | |
| Enter hero's abilities submenu | 10 | |
| Give item / drop item | 1 | |
| Right click | 1918 | |
| Select / deselect | 801 | |
| Select group hotkey | 1002 | |
| Use ability | 185 | |
4263 total
» units
| Wisp | 38 | |
| Hippogryph | 10 | |
| Chimaera | 6 | |
54 total
» upgrades
| Strength of the Wild | 3 | |
| Reinforced Hides | 3 | |
| Corrosive Breath | 1 | |
| Nature's Blessing | 1 | |
| Well Spring | 1 | |
| Ultravision | 1 | |
10 total
» buildings
| Altar of Elders | 1 | |
| Moon Well | 10 | |
| Tree of Life | 2 | |
| Tree of Ages | 1 | |
| Tree of Eternity | 1 | |
| Hunter's Hall | 1 | |
| Ancient of Wind | 4 | |
| Chimaera Roost | 3 | |
| Ancient of War | 1 | |
| Ancient of Wonders | 1 | |
25 total
» build order
00:26 Altar of Elders
00:35 Moon Well
02:14 Moon Well
08:39 Tree of Life
10:55 Tree of Ages
10:56 Moon Well
14:43 Tree of Eternity
14:44 Hunter's Hall
14:51 Ancient of Wind
14:51 Ancient of Wind
14:53 Ancient of Wind
14:57 Ancient of Wind
15:03 Moon Well
15:03 Moon Well
17:39 Chimaera Roost
17:40 Chimaera Roost
17:41 Chimaera Roost
19:28 Moon Well
23:53 Moon Well
23:54 Moon Well
24:49 Moon Well
26:01 Ancient of War
27:35 Moon Well
31:20 Tree of Life
32:19 Ancient of Wonders
» items
| Healing Salve | 3 | |
| Lesser Clarity Potion | 6 | |
| Potion of Healing | 2 | |
| Staff of Sanctuary | 1 | |
| Orb of Lightning | 1 | |
| Potion of Restoration | 2 | |
| Alleria's Flute of Accuracy | 1 | |
| Scroll of Town Portal | 1 | |
| Inferno Stone | 1 | |
18 total
TIMG4STRok (
green | 74 APM | 3924 actions | 52:54)
8 Paladin
3 Holy Light
3 Divine Shield
2 Devotion Aura
» actions
| Assign group hotkey | 22 | |
| Basic commands | 65 | |
| Build / train | 232 | |
| ESC pressed | 9 | |
| Enter build submenu | 238 | |
| Enter hero's abilities submenu | 8 | |
| Give item / drop item | 2 | |
| Right click | 1572 | |
| Select / deselect | 687 | |
| Select group hotkey | 420 | |
| Use ability | 669 | |
3924 total
» units
| Peasant | 35 | |
| Goblin Shredder | 1 | |
36 total
» upgrades
| Masonry | 3 | |
| Magic Sentry | 1 | |
| Lumber Harvesting | 2 | |
6 total
» buildings
| Scout Tower | 483 | |
| Farm | 3 | |
| Lumber Mill | 4 | |
| Arcane Tower | 9 | |
| Guard Tower | 154 | |
| Altar of Kings | 1 | |
| Keep | 1 | |
| Arcane Sanctum | 1 | |
| Castle | 1 | |
| Town Hall | 2 | |
| Blacksmith | 1 | |
| Workshop | 1 | |
| Cannon Tower | 4 | |
665 total
» build order
01:00 Scout Tower
01:00 Scout Tower
01:03 Scout Tower
01:05 Scout Tower
01:10 Scout Tower
01:26 Farm
01:30 Lumber Mill
01:39 Arcane Tower
02:01 Arcane Tower
02:19 Arcane Tower
02:19 Arcane Tower
02:19 Arcane Tower
02:31 Scout Tower
02:35 Guard Tower
02:36 Scout Tower
02:37 Scout Tower
02:44 Scout Tower
02:57 Altar of Kings
02:59 Farm
03:04 Guard Tower
03:06 Scout Tower
03:08 Scout Tower
03:13 Guard Tower
03:34 Guard Tower
03:36 Scout Tower
03:52 Guard Tower
03:57 Scout Tower
04:04 Scout Tower
04:09 Scout Tower
04:11 Scout Tower
04:30 Scout Tower
04:30 Scout Tower
04:56 Guard Tower
05:00 Guard Tower
05:01 Arcane Tower
05:07 Scout Tower
05:11 Scout Tower
05:12 Scout Tower
05:14 Guard Tower
05:16 Scout Tower
05:17 Scout Tower
05:18 Scout Tower
05:21 Scout Tower
05:22 Scout Tower
05:23 Scout Tower
05:40 Guard Tower
05:41 Scout Tower
05:43 Scout Tower
05:50 Lumber Mill
05:58 Guard Tower
06:02 Farm
06:12 Guard Tower
06:13 Scout Tower
06:14 Scout Tower
06:16 Scout Tower
06:17 Scout Tower
06:17 Scout Tower
06:18 Scout Tower
06:20 Scout Tower
06:22 Scout Tower
06:23 Scout Tower
06:23 Scout Tower
06:24 Scout Tower
06:25 Scout Tower
06:25 Scout Tower
06:36 Keep
06:48 Guard Tower
06:51 Scout Tower
06:52 Scout Tower
06:52 Scout Tower
06:53 Scout Tower
07:31 Guard Tower
07:34 Scout Tower
07:35 Scout Tower
07:35 Scout Tower
07:36 Scout Tower
07:51 Guard Tower
07:52 Scout Tower
07:53 Scout Tower
07:53 Scout Tower
07:54 Scout Tower
07:57 Scout Tower
08:00 Scout Tower
08:02 Scout Tower
08:02 Scout Tower
08:12 Guard Tower
08:46 Guard Tower
08:48 Guard Tower
08:51 Guard Tower
09:08 Arcane Sanctum
09:17 Guard Tower
09:40 Guard Tower
09:50 Scout Tower
09:51 Scout Tower
09:55 Scout Tower
09:56 Scout Tower
10:11 Guard Tower
10:14 Scout Tower
10:14 Scout Tower
10:36 Guard Tower
10:45 Guard Tower
11:08 Scout Tower
11:08 Scout Tower
11:10 Guard Tower
11:11 Scout Tower
11:12 Scout Tower
11:19 Guard Tower
11:57 Scout Tower
11:57 Scout Tower
11:58 Scout Tower
12:05 Guard Tower
12:08 Scout Tower
12:09 Scout Tower
12:17 Scout Tower
12:18 Scout Tower
12:18 Guard Tower
12:21 Scout Tower
12:22 Scout Tower
12:57 Guard Tower
13:10 Guard Tower
13:13 Scout Tower
13:13 Scout Tower
13:14 Scout Tower
13:19 Guard Tower
13:23 Guard Tower
13:33 Guard Tower
13:42 Guard Tower
14:14 Guard Tower
14:52 Guard Tower
14:54 Scout Tower
14:55 Scout Tower
15:32 Guard Tower
15:37 Scout Tower
15:38 Scout Tower
15:38 Scout Tower
15:39 Scout Tower
15:41 Arcane Tower
15:42 Scout Tower
15:43 Scout Tower
16:04 Guard Tower
16:06 Scout Tower
16:07 Scout Tower
16:07 Scout Tower
16:14 Scout Tower
16:14 Scout Tower
16:15 Scout Tower
16:15 Scout Tower
16:16 Scout Tower
16:16 Scout Tower
16:37 Guard Tower
16:59 Guard Tower
17:00 Scout Tower
17:01 Scout Tower
17:03 Scout Tower
17:04 Scout Tower
17:06 Scout Tower
17:11 Scout Tower
17:12 Scout Tower
17:12 Scout Tower
17:13 Scout Tower
17:16 Scout Tower
17:17 Scout Tower
17:18 Scout Tower
17:18 Scout Tower
17:18 Scout Tower
17:19 Scout Tower
17:23 Scout Tower
17:24 Scout Tower
17:24 Scout Tower
17:25 Scout Tower
17:25 Scout Tower
17:43 Guard Tower
18:15 Guard Tower
18:17 Guard Tower
18:29 Guard Tower
18:33 Guard Tower
18:42 Guard Tower
19:23 Guard Tower
19:30 Scout Tower
19:31 Scout Tower
19:32 Scout Tower
19:33 Scout Tower
19:33 Scout Tower
19:34 Scout Tower
19:43 Guard Tower
19:49 Guard Tower
19:52 Guard Tower
20:00 Guard Tower
20:20 Guard Tower
20:23 Guard Tower
20:50 Guard Tower
21:32 Guard Tower
21:34 Scout Tower
21:35 Scout Tower
21:36 Scout Tower
21:46 Guard Tower
21:55 Castle
22:24 Guard Tower
22:55 Town Hall
23:10 Scout Tower
23:10 Scout Tower
23:11 Scout Tower
23:12 Scout Tower
23:18 Scout Tower
23:19 Scout Tower
23:19 Scout Tower
23:57 Guard Tower
23:59 Scout Tower
24:00 Scout Tower
24:01 Scout Tower
24:01 Scout Tower
24:02 Scout Tower
24:02 Scout Tower
24:03 Scout Tower
24:06 Scout Tower
24:07 Scout Tower
24:08 Scout Tower
24:08 Scout Tower
24:09 Scout Tower
24:10 Scout Tower
24:10 Scout Tower
24:13 Scout Tower
24:13 Scout Tower
24:14 Scout Tower
24:16 Scout Tower
24:16 Scout Tower
24:16 Scout Tower
24:17 Scout Tower
24:17 Scout Tower
24:18 Scout Tower
24:27 Guard Tower
24:59 Guard Tower
25:01 Scout Tower
25:02 Scout Tower
25:02 Scout Tower
25:34 Guard Tower
25:36 Scout Tower
25:37 Scout Tower
25:38 Scout Tower
25:41 Scout Tower
25:41 Scout Tower
25:42 Scout Tower
25:52 Guard Tower
26:11 Guard Tower
26:19 Blacksmith
26:24 Guard Tower
26:25 Scout Tower
26:26 Scout Tower
26:35 Guard Tower
26:39 Scout Tower
26:39 Scout Tower
27:26 Guard Tower
27:30 Scout Tower
27:30 Scout Tower
27:31 Scout Tower
27:32 Scout Tower
27:33 Scout Tower
27:33 Scout Tower
27:39 Scout Tower
27:39 Scout Tower
27:41 Scout Tower
27:43 Scout Tower
27:44 Scout Tower
27:45 Scout Tower
27:46 Scout Tower
27:47 Scout Tower
27:47 Scout Tower
27:48 Scout Tower
27:49 Scout Tower
28:08 Workshop
28:11 Guard Tower
28:14 Scout Tower
28:15 Scout Tower
28:15 Scout Tower
28:16 Scout Tower
28:17 Scout Tower
28:17 Scout Tower
28:25 Guard Tower
28:31 Guard Tower
28:45 Guard Tower
28:51 Guard Tower
28:55 Scout Tower
28:56 Scout Tower
28:56 Scout Tower
28:57 Scout Tower
28:57 Scout Tower
28:57 Scout Tower
28:59 Guard Tower
29:01 Scout Tower
29:01 Scout Tower
29:03 Scout Tower
29:03 Scout Tower
29:09 Scout Tower
29:10 Scout Tower
29:11 Scout Tower
29:12 Scout Tower
29:12 Scout Tower
29:45 Guard Tower
29:50 Guard Tower
29:58 Guard Tower
30:00 Scout Tower
30:00 Scout Tower
30:01 Scout Tower
30:02 Scout Tower
30:02 Scout Tower
30:03 Scout Tower
30:05 Scout Tower
30:06 Scout Tower
30:07 Scout Tower
30:07 Scout Tower
30:08 Scout Tower
30:14 Cannon Tower
30:16 Cannon Tower
30:40 Guard Tower
30:42 Scout Tower
30:42 Scout Tower
30:43 Scout Tower
30:43 Scout Tower
30:44 Scout Tower
30:45 Scout Tower
30:50 Guard Tower
30:57 Cannon Tower
31:30 Guard Tower
31:32 Scout Tower
31:33 Scout Tower
31:33 Scout Tower
31:34 Scout Tower
31:34 Scout Tower
31:35 Scout Tower
31:37 Guard Tower
31:38 Scout Tower
31:39 Scout Tower
31:40 Scout Tower
31:40 Scout Tower
31:46 Guard Tower
31:49 Scout Tower
32:20 Guard Tower
32:21 Scout Tower
32:22 Scout Tower
32:22 Scout Tower
32:24 Scout Tower
32:34 Scout Tower
32:35 Scout Tower
32:36 Scout Tower
32:37 Scout Tower
32:38 Scout Tower
32:38 Scout Tower
32:39 Scout Tower
32:40 Scout Tower
32:40 Scout Tower
32:41 Scout Tower
32:43 Scout Tower
32:44 Scout Tower
32:45 Scout Tower
32:47 Scout Tower
32:47 Scout Tower
32:48 Scout Tower
32:49 Scout Tower
32:54 Guard Tower
32:58 Scout Tower
33:01 Scout Tower
33:02 Scout Tower
33:02 Scout Tower
33:04 Scout Tower
33:07 Guard Tower
33:13 Guard Tower
33:23 Guard Tower
33:24 Scout Tower
33:25 Scout Tower
33:26 Scout Tower
33:26 Scout Tower
33:28 Scout Tower
33:28 Scout Tower
33:29 Scout Tower
33:30 Scout Tower
33:31 Scout Tower
33:31 Scout Tower
33:32 Scout Tower
33:33 Scout Tower
33:33 Scout Tower
33:34 Scout Tower
33:38 Guard Tower
33:42 Guard Tower
33:53 Guard Tower
34:06 Guard Tower
34:09 Scout Tower
34:10 Scout Tower
34:10 Scout Tower
34:11 Scout Tower
34:11 Scout Tower
34:14 Scout Tower
34:17 Guard Tower
34:18 Scout Tower
34:19 Scout Tower
34:19 Scout Tower
34:20 Scout Tower
34:33 Guard Tower
34:36 Scout Tower
34:37 Scout Tower
34:37 Scout Tower
34:38 Scout Tower
34:38 Scout Tower
34:39 Scout Tower
34:40 Scout Tower
34:40 Scout Tower
34:44 Guard Tower
34:46 Guard Tower
34:56 Arcane Tower
35:07 Cannon Tower
35:11 Guard Tower
35:31 Guard Tower
35:33 Guard Tower
35:35 Guard Tower
35:37 Guard Tower
35:39 Scout Tower
35:40 Scout Tower
35:58 Guard Tower
36:08 Guard Tower
36:17 Guard Tower
36:18 Scout Tower
36:18 Scout Tower
36:19 Scout Tower
36:19 Scout Tower
36:23 Guard Tower
36:46 Guard Tower
36:50 Guard Tower
36:54 Guard Tower
36:57 Guard Tower
36:59 Scout Tower
37:00 Scout Tower
37:01 Scout Tower
37:02 Scout Tower
37:04 Scout Tower
37:05 Scout Tower
37:06 Scout Tower
37:06 Scout Tower
37:07 Scout Tower
37:08 Scout Tower
37:09 Scout Tower
37:10 Guard Tower
37:22 Guard Tower
37:25 Scout Tower
37:26 Scout Tower
37:27 Scout Tower
37:28 Scout Tower
37:29 Scout Tower
37:29 Scout Tower
37:31 Scout Tower
37:33 Scout Tower
37:34 Scout Tower
37:35 Scout Tower
37:37 Scout Tower
37:38 Scout Tower
37:40 Scout Tower
37:41 Scout Tower
37:43 Scout Tower
37:44 Scout Tower
37:46 Guard Tower
37:49 Guard Tower
37:59 Guard Tower
38:08 Guard Tower
38:10 Scout Tower
38:11 Scout Tower
38:12 Scout Tower
38:12 Scout Tower
38:13 Scout Tower
38:13 Scout Tower
38:14 Scout Tower
38:14 Scout Tower
38:15 Scout Tower
38:15 Scout Tower
38:22 Scout Tower
38:23 Scout Tower
38:23 Scout Tower
38:24 Scout Tower
38:25 Guard Tower
38:28 Scout Tower
38:28 Scout Tower
38:29 Scout Tower
38:29 Scout Tower
38:30 Scout Tower
38:30 Scout Tower
38:33 Scout Tower
38:34 Scout Tower
38:34 Scout Tower
38:35 Scout Tower
38:36 Scout Tower
38:37 Scout Tower
38:41 Scout Tower
38:41 Scout Tower
38:42 Scout Tower
38:43 Scout Tower
38:44 Scout Tower
38:45 Scout Tower
38:48 Scout Tower
38:49 Scout Tower
38:50 Scout Tower
38:51 Scout Tower
38:52 Scout Tower
38:53 Scout Tower
39:12 Guard Tower
39:31 Guard Tower
39:44 Guard Tower
40:11 Guard Tower
40:53 Guard Tower
40:56 Scout Tower
40:57 Scout Tower
41:10 Scout Tower
41:10 Scout Tower
41:11 Scout Tower
41:12 Scout Tower
41:12 Scout Tower
41:13 Guard Tower
41:43 Guard Tower
41:45 Scout Tower
41:46 Scout Tower
41:47 Scout Tower
41:47 Scout Tower
41:48 Scout Tower
41:48 Scout Tower
41:51 Scout Tower
41:51 Scout Tower
41:52 Scout Tower
41:53 Scout Tower
41:55 Guard Tower
41:57 Scout Tower
41:57 Scout Tower
41:59 Scout Tower
42:00 Scout Tower
42:01 Scout Tower
42:02 Scout Tower
42:03 Scout Tower
42:03 Scout Tower
42:04 Scout Tower
42:05 Scout Tower
42:06 Scout Tower
42:07 Scout Tower
42:07 Scout Tower
42:08 Scout Tower
42:08 Scout Tower
42:09 Scout Tower
42:20 Guard Tower
42:25 Guard Tower
42:28 Scout Tower
42:29 Scout Tower
42:30 Scout Tower
42:31 Scout Tower
42:31 Scout Tower
42:32 Scout Tower
42:32 Scout Tower
42:33 Scout Tower
42:34 Scout Tower
42:35 Scout Tower
42:37 Guard Tower
42:39 Scout Tower
42:40 Scout Tower
42:40 Scout Tower
42:41 Scout Tower
42:42 Scout Tower
42:43 Scout Tower
42:56 Guard Tower
43:06 Guard Tower
43:26 Guard Tower
43:40 Guard Tower
43:42 Guard Tower
43:46 Guard Tower
44:13 Town Hall
44:26 Guard Tower
44:28 Scout Tower
44:29 Scout Tower
44:30 Scout Tower
44:31 Scout Tower
44:32 Scout Tower
44:33 Scout Tower
44:36 Scout Tower
44:37 Scout Tower
44:38 Scout Tower
44:38 Scout Tower
44:39 Scout Tower
45:11 Guard Tower
45:15 Lumber Mill
45:19 Guard Tower
45:21 Scout Tower
45:22 Scout Tower
45:23 Scout Tower
45:23 Scout Tower
45:24 Scout Tower
45:24 Scout Tower
45:27 Scout Tower
45:27 Scout Tower
45:40 Guard Tower
45:46 Scout Tower
45:47 Scout Tower
45:47 Scout Tower
45:48 Scout Tower
45:48 Scout Tower
45:49 Scout Tower
45:52 Scout Tower
45:53 Scout Tower
46:04 Guard Tower
46:33 Guard Tower
46:40 Scout Tower
46:42 Scout Tower
46:47 Scout Tower
46:47 Scout Tower
46:48 Scout Tower
46:49 Scout Tower
46:52 Scout Tower
46:53 Scout Tower
46:53 Scout Tower
46:54 Scout Tower
46:56 Scout Tower
47:11 Scout Tower
47:12 Scout Tower
47:12 Scout Tower
47:13 Scout Tower
47:17 Guard Tower
47:42 Guard Tower
47:54 Guard Tower
48:06 Guard Tower
48:31 Guard Tower
48:34 Guard Tower
48:42 Lumber Mill
48:45 Guard Tower
48:47 Guard Tower
49:01 Guard Tower
49:04 Guard Tower
49:08 Guard Tower
49:14 Scout Tower
49:16 Guard Tower
49:17 Guard Tower
49:20 Scout Tower
49:21 Scout Tower
49:22 Scout Tower
49:23 Scout Tower
49:24 Scout Tower
49:25 Scout Tower
49:27 Scout Tower
49:30 Scout Tower
49:31 Scout Tower
49:32 Scout Tower
49:34 Scout Tower
49:46 Guard Tower
49:50 Scout Tower
49:50 Scout Tower
49:51 Scout Tower
49:53 Scout Tower
49:54 Scout Tower
49:54 Scout Tower
49:55 Scout Tower
49:56 Scout Tower
49:59 Guard Tower
50:07 Scout Tower
50:08 Scout Tower
50:08 Scout Tower
50:09 Scout Tower
50:10 Scout Tower
50:11 Scout Tower
50:12 Scout Tower
50:12 Scout Tower
50:15 Guard Tower
50:35 Guard Tower
50:54 Guard Tower
52:34 Guard Tower
» items
| Lesser Clarity Potion | 3 | |
| Orb of Lightning | 1 | |
| Healing Salve | 1 | |
| Potion of Mana | 1 | |
| Robe of the Magi +6 | 1 | |
| Ankh of Reincarnation | 2 | |
| Belt of Giant Strength +6 | 1 | |
| Boots of Quel'Thalas +6 | 1 | |
| Potion of Divinity | 1 | |
12 total
Chat log
(00:06 / Allies) Often-a-bird: lol
(00:11 / Allies) Often-a-bird: no time to piss.
(00:11 / Allies) BATS-: lol tim
(00:11 / Allies) TIMG4STRok: i got top
(00:14 / Allies) TIMG4STRok: elf mega feed
(00:15 / Allies) Often-a-bird: ok
(00:25 / Allies) BATS-: this time
(00:26 / Allies) Often-a-bird: i'll tower bottome
(00:28 / Allies) BATS-: lets take
(00:31 / Allies) BATS-: the corners first
(00:33 / Allies) BATS-: then the mid
(00:43 / Allies) BATS-: we took mid too early last time
(00:44 / Allies) BATS-: killed us
(00:47 / Allies) Often-a-bird: i miss and built a blacksmith ! :))
(00:53 / Allies) TIMG4STRok: nah we had noob flamestruck on our team
(00:59 / Allies) BATS-: yeah that too
(01:03 / Allies) BATS-: is a major hindrance
(01:19 / Allies) TIMG4STRok: aint got resources for a hero
(01:21 / Allies) TIMG4STRok: for a little bit
(01:22 / Allies) TIMG4STRok: so good luck
(01:28 / Allies) BATS-: first hero is free
(01:30 / Allies) TIMG4STRok: fuck
(01:32 / Allies) TIMG4STRok: a lumber mill
(01:43 / Allies) Often-a-bird: i set up an elaborate system of waypoints
(01:47 / Allies) Often-a-bird: to play the game while im in bathroom
(01:51 / Allies) BATS-: tower that
(01:53 / Allies) Often-a-bird: it worked ok
(01:56 / Allies) TIMG4STRok: yo mata
(01:57 / Allies) TIMG4STRok: shit!!!
(02:03 / Allies) BATS-: im loling
(02:06 / Allies) TIMG4STRok: wood me
(02:07 / Allies) TIMG4STRok: and gold
(02:17 / Allies) BATS-: tim you palaing?
(02:21 / Allies) TIMG4STRok: eventually
(02:25 / Allies) TIMG4STRok: need some wood
(02:25 / Allies) TIMG4STRok: tho
(02:56 / Allies) BATS-: on it
(03:11 / Allies) TIMG4STRok: wood wood wood
(03:30 / All) Q-veta: trash
(03:45 / Allies) Often-a-bird: WOA
(03:47 / Allies) TIMG4STRok: wood wood wood
(04:11 / Allies) BATS-: i go tri hero again
(04:13 / Allies) TIMG4STRok: wheres
(04:16 / Allies) TIMG4STRok: my wood
(04:26 / Allies) Often-a-bird: you're at 17 food. Good Job
(04:54 / Allies) Often-a-bird: "Make a lumber worker"
(04:56 / Allies) Often-a-bird: try it
(04:59 / Allies) Often-a-bird: it's how most players get wood
(05:03 / Allies) Often-a-bird: it might work for you too timg
(05:08 / Allies) BATS-: lol
(05:23 / Allies) BATS-: no hack at all lol
(05:36 / Allies) TIMG4STRok: make siome tower
(05:37 / Allies) TIMG4STRok: mata
(05:49 / Allies) Often-a-bird: i tower just as much as you
(05:51 / Allies) Often-a-bird: except you get fed 2x
(06:27 / Allies) Q-veta: so they're hacking?
(06:27 / Allies) BATS-: go Granis
(06:41 / Allies) TIMG4STRok: any gold
(07:04 / Allies) Often-a-bird: share
(08:05 / Allies) Often-a-bird: timg
(08:06 / Allies) Often-a-bird: give me lumber
(08:07 / Allies) TIMG4STRok: sup
(08:10 / All) BATS-: lol
(08:18 / Allies) BATS-: they dusted me just so
(08:27 / Allies) BATS-: q
(08:29 / Allies) BATS-: make tree
(08:54 / Allies) TIMG4STRok: need gold
(09:02 / Allies) TIMG4STRok: send repiar wisps
(09:04 / Allies) Q-veta: they're gonna mass chims
(09:06 / Allies) Often-a-bird: im opening my expo soon
(09:13 / Allies) TIMG4STRok: lum too
(09:25 / Allies) BATS-: keep the ud busy
(09:27 / Allies) BATS-: so i can hit and run
(09:35 / Allies) BATS-: with wind riders
(10:03 / Allies) Often-a-bird: i gotta get that
(10:04 / Allies) TIMG4STRok: going bot
(10:07 / Allies) TIMG4STRok: can you 2 handle top
(10:33 / Allies) BATS-: well i could kill bot
(10:38 / Allies) BATS-: once i get my 3 heroes
(10:38 / Allies) TIMG4STRok: make somebody tp
(11:29 / Allies) TIMG4STRok: gold
(11:40 / Allies) Often-a-bird: bone dragons
(11:41 / Allies) TIMG4STRok: ahhh a wyrm
(11:55 / Allies) BATS-: eat through
(12:09 / Allies) Often-a-bird: uno mas
(12:47 / Allies) TIMG4STRok: yo
(12:50 / Allies) TIMG4STRok: my shift key got stuck
(12:55 / Allies) Often-a-bird: cool story
(12:57 / Allies) TIMG4STRok: scarey
(13:05 / Allies) TIMG4STRok: gonna hit up top
(13:13 / Allies) Often-a-bird: gotta creep my nexpo
(13:15 / Allies) TIMG4STRok: need bat
(13:16 / Allies) TIMG4STRok: or something
(13:28 / Allies) BATS-: q make clear to the expo so i can creep it
(13:51 / Allies) TIMG4STRok: can you kill some stuff first
(13:57 / Allies) BATS-: no need levels
(14:00 / Allies) TIMG4STRok: its gonna
(14:01 / Allies) TIMG4STRok: die
(14:02 / Allies) TIMG4STRok: if you dont
(14:16 / Allies) TIMG4STRok: lik eirhgt now
(14:18 / Allies) TIMG4STRok: come now or its dead
(14:21 / Allies) BATS-: wtf you want me to do
(14:24 / Allies) TIMG4STRok: kill siege/chim
(14:29 / Allies) BATS-: how
(14:32 / Allies) TIMG4STRok: wyvern???
(14:33 / Allies) Often-a-bird: im comin up
(14:37 / Allies) Often-a-bird: aint got so much
(14:40 / Allies) Often-a-bird: but i can kill siege w/ panda
(14:52 / Allies) Often-a-bird: nm
(14:55 / Allies) Often-a-bird: acnt help!!!
(15:00 / Allies) TIMG4STRok: share
(15:10 / Allies) TIMG4STRok: share
(15:18 / Allies) TIMG4STRok: can you use bats or share
(15:20 / Allies) TIMG4STRok: 1 or the other
(16:00 / Allies) Often-a-bird: Danggg
(16:51 / Allies) Often-a-bird: anyone got any lum ???
(16:55 / Allies) Often-a-bird: FUck
(16:56 / Allies) TIMG4STRok: need some gold
(17:09 / Allies) Often-a-bird: i lose my expo
(17:28 / Allies) TIMG4STRok: gold me
(18:01 / Allies) Often-a-bird: anyone want to switch
(18:15 / Allies) Often-a-bird: i would do better on top
(18:16 / Allies) Often-a-bird: than bototm
(18:33 / All) Often-a-bird: zzZ?
(18:43 / Allies) Q-veta: h4x go
(19:13 / Allies) Often-a-bird: Fuck he's taking that
(19:14 / Allies) Often-a-bird: i need help :(
(19:35 / Allies) Q-veta: workshops
(19:40 / Allies) TIMG4STRok: coming bot
(19:43 / Allies) Often-a-bird: Hurry
(20:02 / Allies) TIMG4STRok: gold me somebody
(20:04 / Allies) BATS-: another tree q
(20:15 / Allies) TIMG4STRok: g00000ld
(20:20 / Allies) Q-veta: where?
(20:46 / Allies) Often-a-bird: i think bottom is fucked
(21:02 / Allies) TIMG4STRok: i gotta expo
(21:06 / Allies) Often-a-bird: no shit
(21:06 / Allies) Often-a-bird: me too
(21:11 / Allies) Often-a-bird: so fuckin
(21:11 / Allies) Often-a-bird: help
(21:15 / Allies) TIMG4STRok: after mine
(21:23 / Allies) Often-a-bird: i was first
(21:24 / Allies) TIMG4STRok: maybe i get inf stone
(21:33 / Allies) BATS-: clear
(21:36 / Allies) BATS-: and lemme take that
(21:37 / Allies) BATS-: eat through
(21:38 / Allies) Q-veta: uplgrade those towers
(21:43 / Allies) TIMG4STRok: give me gold for fucks sake
(22:15 / Allies) Q-veta: i'm coimg to help
(22:23 / Allies) Often-a-bird: ty.
(22:26 / Allies) Q-veta: what do they have exactly?
(22:28 / Allies) Often-a-bird: wyrms
(22:30 / Allies) Q-veta: any fiends?
(22:32 / Allies) Often-a-bird: n
(22:55 / Allies) Often-a-bird: go
(23:16 / Allies) Often-a-bird: ty ty
(23:28 / Allies) Often-a-bird: good exp also
(23:41 / Allies) TIMG4STRok: creep it
(23:47 / Allies) Often-a-bird: are markets crept ?
(23:49 / Allies) TIMG4STRok: get sentry mata
(23:49 / Allies) BATS-: aow there pls q
(23:51 / Allies) TIMG4STRok: they got blade etc
(24:36 / Allies) Often-a-bird: need Some Gold
(24:43 / Allies) TIMG4STRok: fuckin nooblord
(25:46 / Allies) Q-veta: they're tryign to expo there
(25:50 / Allies) Often-a-bird: eat thru
(26:01 / Allies) BATS-: tanks
(26:18 / Allies) Often-a-bird: need gold for a tp and i'll help
(26:22 / Allies) Often-a-bird: panda owns tanks
(27:02 / Allies) TIMG4STRok: repair wisps
(27:04 / Allies) TIMG4STRok: quick
(27:26 / Allies) BATS-: se
(27:27 / Allies) BATS-: c
(27:42 / Allies) Often-a-bird: a few cannon towers maybe ?
(27:50 / Allies) TIMG4STRok: wood
(27:53 / Allies) TIMG4STRok: yeah making bsmith
(28:00 / Allies) TIMG4STRok: veta
(28:01 / Allies) TIMG4STRok: wood me
(28:02 / Allies) TIMG4STRok: ty
(28:30 / Allies) Often-a-bird: is good
(28:33 / Allies) BATS-: thx
(28:39 / Allies) Often-a-bird: i open bottom
(28:41 / Allies) TIMG4STRok: make a shop and eat thru veta
(29:28 / Allies) Often-a-bird: bought belt
(29:30 / All) SToP-NaP: я короч комп оставляю
(29:32 / All) SToP-NaP: и спать
(29:33 / Allies) Often-a-bird: boots here, sick for warden
(29:45 / Allies) BATS-: i want boots
(29:46 / Allies) BATS-: for bm
(29:49 / Allies) Often-a-bird: bought
(29:50 / Allies) TIMG4STRok: ok
(30:01 / Allies) BATS-: gieb tojara
(30:15 / All) klerik: нубы вы скоро ливнёте?
(30:17 / Allies) TIMG4STRok: wood
(30:20 / Allies) Q-veta: tim
(30:30 / Allies) Q-veta: get ready to tower that
(30:36 / Allies) TIMG4STRok: sent 2 workerws
(31:39 / Allies) Q-veta: go?
(31:56 / Allies) TIMG4STRok: make a shop here veta
(32:03 / Allies) TIMG4STRok: i die
(32:07 / Allies) TIMG4STRok: wave me
(32:08 / Allies) Often-a-bird: a nigga needs: an orb
(32:10 / Allies) Often-a-bird: a sobi
(32:13 / Allies) Often-a-bird: and some boots of gistr
(32:13 / Allies) TIMG4STRok: dang
(32:16 / Allies) Often-a-bird: belt i mean
(32:25 / All) SToP-NaP: вот вы скоты
(32:28 / Allies) Q-veta: towers
(32:28 / All) SToP-NaP: выйдтите
(32:31 / Allies) TIMG4STRok: gold
(33:15 / Allies) TIMG4STRok: gold gold gold
(33:48 / Allies) Often-a-bird: cooler fite
(34:17 / Allies) Often-a-bird: blade
(34:18 / Allies) Often-a-bird: get bm
(34:28 / Allies) BATS-: got wyrm
(34:30 / Allies) BATS-: instead
(34:46 / Allies) Often-a-bird: wholly crap!!!
(34:49 / Allies) TIMG4STRok: need gold
(35:15 / Allies) Often-a-bird: purple get outta upkeep or gimme one of these mines
(36:57 / Allies) BATS-: are we winning
(37:02 / Allies) Often-a-bird: prob
(37:08 / Allies) BATS-: lol
(37:11 / Allies) Often-a-bird: if you gimme some lumber, def
(37:12 / Allies) TIMG4STRok: gold me
(37:15 / Allies) Q-veta: another 30 minutes and they'll run out of gold!
(37:19 / Allies) BATS-: lol q
(37:20 / Allies) BATS-: LOL
(37:32 / Allies) Often-a-bird: fernal is up
(37:56 / Allies) Q-veta: gonna get inferno stone
(38:12 / Allies) BATS-: can i get the boots
(38:14 / Allies) BATS-: masha?
(38:16 / Allies) TIMG4STRok: wood please
(38:18 / Allies) Often-a-bird: YA
(38:40 / Allies) BATS-: tp up here
(38:44 / Allies) Q-veta: i'm enjoying this game quite a lot
(38:49 / Allies) BATS-: same
(38:52 / Allies) Q-veta: you should get that mine
(38:55 / Allies) TIMG4STRok: friends is best map
(38:57 / Allies) Q-veta: it's kind of like the ffas i played
(38:59 / Allies) Q-veta: but different
(39:07 / Allies) BATS-: it gives you this feeling of security
(39:09 / Allies) BATS-: holed up here
(39:23 / Allies) Often-a-bird: gonna drop some knowledge
(39:25 / Allies) Often-a-bird: on them
(39:27 / Allies) Often-a-bird: (infernal)
(39:40 / Allies) Often-a-bird: gogo
(39:50 / Allies) TIMG4STRok: damn
(39:54 / Allies) TIMG4STRok: lost a lot of progress up there
(40:16 / Allies) BATS-: gieb boots
(40:17 / Allies) BATS-: panda
(40:25 / Allies) BATS-: thx
(40:28 / Allies) TIMG4STRok: dk
(40:28 / Allies) TIMG4STRok: dk
(41:13 / All) Q-veta: nerd down
(41:23 / Allies) Often-a-bird: storm earth fire is so sick
(41:28 / All) klerik: именно за такое я и ебу ваших мам
(41:34 / All) Often-a-bird: Good Game
(41:34 / All) klerik: так что поможьте им попы
(41:37 / Allies) Q-veta: so were they hacking?
(41:39 / Allies) Often-a-bird: no
(41:40 / All) SToP-NaP: короче пока снесёте всю базу
(41:42 / All) klerik: и я буду ебать их за такое
(41:43 / All) SToP-NaP: тогда выйжу
(41:45 / Allies) BATS-: russians
(41:46 / All) klerik: я как раз зол
(41:49 / All) SToP-NaP: я пошёл кушать
(41:56 / Allies) Often-a-bird: lol!
(42:09 / All) Q-veta: gg nerds
(42:12 / All) Often-a-bird: PEACE
(42:15 / All) SToP-NaP: kill
(42:16 / Allies) Q-veta: i have 7k gold lol
(42:16 / All) SToP-NaP: all
(42:18 / All) SToP-NaP: baze
(42:22 / All) SToP-NaP: i am here
(42:22 / Allies) BATS-: i have
(42:23 / Allies) BATS-: 17k
(42:25 / Allies) Often-a-bird: KILL ALL BAZE
(42:27 / Allies) Q-veta: lol
(42:33 / Allies) Q-veta: did you ever have so much gold h4x?
(42:35 / Allies) Q-veta: i had 50k once
(42:40 / Allies) BATS-: dunno
(42:43 / Allies) TIMG4STRok: wood
(42:45 / Allies) Often-a-bird: do sobis stack?
(42:48 / Allies) BATS-: yes
(42:56 / Allies) BATS-: but additive
(42:59 / Allies) TIMG4STRok: wood lum
(43:00 / Allies) Often-a-bird: ofc.
(43:01 / Allies) BATS-: not multiplicative
(43:08 / Allies) Q-veta: you guys should upload thsi
(43:10 / Allies) TIMG4STRok: fuck
(43:11 / Allies) BATS-: ye
(43:11 / Allies) Q-veta: this was an awesome game
(43:28 / Allies) TIMG4STRok: gimme wood
(43:28 / Allies) TIMG4STRok: damn
(44:05 / Allies) Q-veta: i liked the flow of this game
(44:11 / Allies) Q-veta: i attack ground, lose maybe 3-5 units
(44:15 / Allies) Q-veta: then heal while they lose everything
(44:19 / Allies) BATS-: yes
(44:33 / Allies) Often-a-bird: which units did you use
(44:36 / Allies) Often-a-bird: that have "attack ground"
(44:37 / Allies) Q-veta: are you seriiously expoing?
(44:51 / Allies) BATS-: ITS NOT OVER UNTIL THE FAT LADY SINGS
(44:53 / Allies) Q-veta: semantics
(44:57 / Allies) TIMG4STRok: wood
(45:00 / Allies) TIMG4STRok: never stop feeding
(45:06 / Allies) TIMG4STRok: gold too
(45:13 / Allies) BATS-: WEll
(45:14 / Allies) BATS-: Yo.
(45:18 / Allies) Often-a-bird: gave you all
(45:23 / Allies) Often-a-bird: you aint setting the tower record tho
(45:26 / Allies) Often-a-bird: that's barely 1000
(45:30 / Allies) TIMG4STRok: i know.....
(45:50 / Allies) BATS-: 332!
(45:52 / Allies) Q-veta: level 10
(45:54 / Allies) Q-veta: hell yes!
(46:04 / Allies) Often-a-bird: warden should be stacked with boots+6
(46:08 / Allies) Q-veta: yeah
(46:11 / Allies) Q-veta: i wanted to buy them
(46:18 / Allies) Q-veta: but they disappeared when i got to the market
(46:23 / Allies) TIMG4STRok: ownage
(46:25 / Allies) Q-veta: then i forgot about them:(
(46:27 / Allies) BATS-: jews artificially lowered the amount of boots
(46:28 / Allies) Often-a-bird: blade has them
(46:39 / All) Q-veta: why are you still here nerd?
(46:46 / Allies) Often-a-bird: warden is nice cuz you can do 5 boots 1 orb (no need for tp)
(47:05 / Allies) Q-veta: lol
(47:16 / Allies) Often-a-bird: if the enemy doesnt farmhide at the end of a friends you did it wrong
(47:20 / Allies) Q-veta: we control 3/4 of the map, what does this nerd think he's gonna do?
(47:27 / Allies) BATS-: beat off?
(47:31 / Allies) Q-veta: gonna pee
(47:32 / Allies) Q-veta: brb
(47:46 / Allies) TIMG4STRok: a beautiful sight
(47:49 / Allies) BATS-: yes
(47:52 / Allies) Often-a-bird: makin' bank
(48:12 / Allies) Often-a-bird: its better when you do it in mid Tho
(48:23 / Allies) TIMG4STRok: i like when we lose both bases
(48:26 / Allies) TIMG4STRok: and mid is all we got
(48:28 / Allies) TIMG4STRok: those are best games
(48:32 / Allies) Often-a-bird: yeah can't do that vs noobies tho
(48:46 / Allies) Often-a-bird: fiine i make som etank
(49:16 / Allies) Q-veta: so
(49:21 / Allies) Q-veta: you guys gonna play more after this one?
(49:30 / Allies) BATS-: depends
(49:31 / Allies) BATS-: you in?
(49:37 / Allies) Q-veta: yeah i have one more game in me
(49:39 / Allies) TIMG4STRok: what time is it
(49:40 / Allies) Q-veta: after that i'm gonna go to bed
(49:50 / Allies) Often-a-bird: its only 6 here
(49:51 / Allies) Often-a-bird: are you rus
(49:52 / Allies) Often-a-bird: or something
(49:58 / Allies) Q-veta: it's 7:10
(50:04 / Allies) Q-veta: i wake up at like 2 AM bro
(50:12 / Allies) BATS-: 6:10 in germany
(50:16 / Allies) BATS-: pm
(50:21 / Allies) Often-a-bird: SAME in SWE
(50:23 / Allies) Often-a-bird: as you know
(50:25 / Allies) TIMG4STRok: so thats 12:10 in good ol usa................
(51:08 / Allies) TIMG4STRok: i think wave chieftain is better than stomp chieftain
(51:10 / Allies) TIMG4STRok: for tower games
(51:14 / Allies) BATS-: well
(51:16 / Allies) Often-a-bird: bof wins most deceptively large aoe award
(51:18 / Allies) BATS-: i just kill heroes
(51:20 / Allies) Q-veta: hex stomp is good vs heroes
(51:23 / Allies) BATS-: so stomp is nice
(51:29 / Allies) Often-a-bird: wave owns siege tho
(51:32 / Allies) TIMG4STRok: yeah
(51:37 / Allies) TIMG4STRok: siege is usually the biggest problem
(51:41 / Allies) Often-a-bird: lol!
(51:41 / Allies) BATS-: well yeah but if i kill heroes siege dont matter
(51:50 / Allies) TIMG4STRok: if you can get past siege stage into 100 food tier 3 air stage then you're alright
(51:50 / All) Q-veta: nerd
(52:16 / Allies) Often-a-bird: didnt hide anywhere cool
(52:27 / Allies) Q-veta: i don't think they know you can hide there